 Dungeon Sprint DCSS version 0.20.1-1-g8b1a95d (webtiles) character file.

11000000 suicidejoker the Intangible (level 27, -13/224 HPs)
             Began as an Octopode Warper on Aug 24, 2017.
             Was the Champion of Makhleb.
             Killed by divine providence
             ... invoked by an accursed
              (17 damage)
             ... in the Dungeon (Sprint VIII: "Arena of Blood").
             The game lasted 00:06:28 (110 turns).

suicidejoker the Intangible (Octopode Warper)        Turns: 110, Time: 00:06:30

Health: -13/224    AC:  1    Str: 15    XL:     27
Magic:  27/54      EV: 34    Int: 19    God:    Makhleb [******]
Gold:   0          SH:  0    Dex: 16    Spells: 80/80 levels left

rFire    . . .     SeeInvis .   k - +∞ Axe of Woe
rCold    . . .     Gourm    .   (shield currently unavailable)
rNeg     . . .     Faith    .   (helmet restricted)
rPois    .         Spirit   .   (no amulet)
rElec    .         Reflect  .   u - +250 ring of slaying
rCorr    .         Harm     .   m - +30 ring of slaying
MR       ++...     NoTele   +   s - +100 ring of slaying
Stlth    ++++++++++             n - +30 ring of slaying
Regen    0.5/turn               o - +30 ring of slaying
MPRegen  0.4/turn               p - +30 ring of slaying
                                g - +250 ring of slaying
                                t - +250 ring of slaying

@: hasted, very quick
A: almost no armour, stealthy swim, amphibious, 8 rings, constrict 8, camouflage
1, gelatinous body 1
a: Minor Destruction, Lesser Servant of Makhleb, Major Destruction, Greater
Servant of Makhleb, Renounce Religion


You were in the Dungeon.
You worshipped Makhleb.
Makhleb was exalted by your worship.
You were not hungry.

You visited 1 branch

Inventory:

Hand Weapons
 a - a +0 hand axe
 k - the +∞ Axe of Woe (weapon)
   (You found it in the Dungeon)
Missiles
 d - 5 tomahawks of dispersal (quivered)
Jewellery
 g - a +250 ring of slaying (on tentacle)
 h - a +200 ring of slaying
 l - a +30 ring of slaying
 m - a +30 ring of slaying (right tentacle)
 n - a +30 ring of slaying (on tentacle)
 o - a +30 ring of slaying (on tentacle)
 p - a +30 ring of slaying (on tentacle)
 q - a +30 ring of slaying
 r - a +30 ring of slaying
 s - a +100 ring of slaying (on tentacle)
 t - a +250 ring of slaying (on tentacle)
 u - a +250 ring of slaying (left tentacle)
 v - a +200 ring of slaying
Scrolls
 c - 2 scrolls of blinking
Potions
 e - a potion of curing
 i - 2 potions of magic
 j - a potion of berserk rage
Books
 b - a book of Spatial Translocations

   Spells                             Type                      Level
   a - Blink                          Translocation                2
   b - Shroud of Golubria             Charms/Translocation         2
   c - Lesser Beckoning               Translocation                3
   d - Gell's Gravitas                Translocation                3
   e - Teleport Other                 Translocation                3
   f - Passage of Golubria            Translocation                4
Comestibles
 f - a bread ration


   Skills:
 O Level 27 Fighting
 O Level 27 Axes
 O Level 27 Throwing
 O Level 27 Dodging
 O Level 27 Stealth
 O Level 27 Unarmed Combat
 O Level 27 Spellcasting
   Level 3.0 Translocations
 O Level 27 Invocations


You had 80 spell levels left.
You didn't know any spells.

Dungeon Overview and Level Annotations

Branches:
Dungeon (1/1)

Altars:
Makhleb


Innate Abilities, Weirdness & Mutations

You cannot wear most types of armour.
You are very stealthy in the water. (Stealth+)
You are amphibious.
You can wear up to eight rings at the same time.
You can use your tentacles to constrict eight enemies at once.
Your skin changes colour to match your surroundings (Stealth+).
Your rubbery body absorbs attacks. (AC +1, EV +1)


Message History

You hear a shout! 2 orcs and a greater mummy come into view.
Items here: )))))))))) ==========
h - a +200 ring of slaying;
v - a +200 ring of slaying The bag of meat shouts!
You hear a shout! x2
The meat berserker rages.
You hear a shout!
The reaper hits you from afar with a scythe of protection!!
You hear a shout!
You feel something staring at you. Something smites you!
* * * LOW HITPOINT WARNING * * *
You hear a shout! 2 hydras, an orc, a hell beast, a vampire knight and a lich come into view.
The destroyer is wielding a +9 great sword of slicing.
You hear a shout! x3
The meat berserker hits you with a +9 battleaxe!!!
* * * LOW HITPOINT WARNING * * *
The accursed casts a spell at you. Something smites you!
You die...

#.. ...# . .###.V
...###...
.....{###........
....DD._.........
... #L....#...M%.
....#_§<._#....o.
.§..#.....#..%...
.§....2_O........
....%.###@)......
.###..M)))O###...
#..)))))# ..
#.)))O2.#
.........3......
...............#
..............#.
..%..%..%..o##..
..#........#. .o


You could see 2 accurseds, a meat beast, a tyrant (wandering), a reaper, 2
eight-headed meat hydras, a destroyer, a soul eater, 3 meat berserkers and 2
bags of meat.

Vanquished Creatures
  7 hell beasts (D)
  5 greater mummies (D)
  4 wraiths (D)
  13 vampire knights (D)
  24 ogres (D)
  4 two-headed ogres (D)
  5 liches (D)
  2 hydras (D)
  53 orcs (D)
  6 skeletal warriors (D)
  7 large abominations (D)
  5 small abominations (D)
  4 crawling corpses (D)
139 creatures vanquished.

Vanquished Creatures (collateral kills)
  An ogre (D)
  A crawling corpse (D)
2 creatures vanquished.

Vanquished Creatures (others)
  A crawling corpse (D)
1 creature vanquished.

Grand Total: 142 creatures vanquished

Notes
Turn   | Place    | Note
-------+----------+-------------------------------------------
     0 | D        | suicidejoker the Octopode Warper began the quest for the Orb.
     0 | D        | Reached XP level 1. HP: 14/14 MP: 3/3
     4 | D        | Noticed a bag of meat
     4 | D        | Became a worshipper of Makhleb the Destroyer
     6 | D        | Noticed a meat berserker
     7 | D        | Noticed a bag of meat
     8 | D        | Noticed a bag of meat
     8 | D        | Killed a bag of meat
     8 | D        | Reached skill level 5 in Throwing
     8 | D        | Reached XP level 2. HP: 35/35 MP: 3/16
     8 | D        | Reached XP level 3. HP: 40/40 MP: 3/18
     8 | D        | Reached XP level 4. HP: 46/46 MP: 3/19
     8 | D        | Reached XP level 5. HP: 52/52 MP: 3/21
     8 | D        | Reached XP level 6. HP: 58/58 MP: 3/22
     8 | D        | Reached XP level 7. HP: 63/63 MP: 3/24
     8 | D        | Reached XP level 8. HP: 70/70 MP: 3/25
     8 | D        | Reached XP level 9. HP: 74/74 MP: 3/26
     8 | D        | Reached XP level 10. HP: 81/81 MP: 3/27
     8 | D        | Reached XP level 11. HP: 86/86 MP: 3/28
     8 | D        | Reached XP level 12. HP: 92/92 MP: 3/29
     9 | D        | Noticed a bag of meat
     9 | D        | Noticed a bag of meat
     9 | D        | Noticed a bag of meat
     9 | D        | Noticed a bag of meat
     9 | D        | Noticed a bag of meat
     9 | D        | Killed a meat berserker
     9 | D        | Reached * piety under Makhleb
     9 | D        | Reached skill level 15 in Fighting
     9 | D        | Reached XP level 13. HP: 75/105 MP: 3/33
     9 | D        | Reached XP level 14. HP: 80/111 MP: 3/34
    10 | D        | Noticed a bag of meat
    10 | D        | Noticed a bag of meat
    10 | D        | Noticed a meat berserker
    10 | D        | Killed a bag of meat
    11 | D        | Noticed a bag of meat
    11 | D        | Noticed a bag of meat
    11 | D        | Noticed a bag of meat
    11 | D        | Noticed a large bag of meat
    12 | D        | Noticed a bag of meat
    12 | D        | Killed a bag of meat
    12 | D        | Reached skill level 10 in Invocations
    12 | D        | Reached XP level 15. HP: 122/122 MP: 4/37
    13 | D        | Noticed a meat berserker
    13 | D        | Noticed a meat berserker
    13 | D        | Killed a meat berserker
    13 | D        | Reached ** piety under Makhleb
    13 | D        | Reached XP level 16. HP: 132/132 MP: 4/39
    14 | D        | Reached skill level 15 in Invocations
    14 | D        | Reached *** piety under Makhleb
    14 | D        | Reached XP level 17. HP: 144/144 MP: 4/42
    15 | D        | Noticed a meat berserker
    16 | D        | Noticed a meat berserker
    16 | D        | Noticed a meat berserker
    16 | D        | Noticed a meat berserker
    16 | D        | Killed a meat berserker
    16 | D        | Reached XP level 18. HP: 155/155 MP: 5/45
    16 | D        | Reached **** piety under Makhleb
    16 | D        | Reached skill level 27 in Dodging
    17 | D        | Killed a meat berserker
    17 | D        | Reached skill level 27 in Axes
    17 | D        | Reached XP level 19. HP: 169/169 MP: 5/48
    18 | D        | Noticed a meat berserker
    18 | D        | Noticed a meat berserker
    18 | D        | Reached skill level 27 in Fighting
    18 | D        | Reached ***** piety under Makhleb
    18 | D        | Reached skill level 27 in Spellcasting
    18 | D        | Reached skill level 27 in Invocations
    19 | D        | Noticed a large bag of meat
    19 | D        | Reached skill level 10 in Unarmed Combat
    20 | D        | Noticed a meat berserker
    20 | D        | Reached XP level 20. HP: 177/177 MP: 6/51
    20 | D        | Reached skill level 15 in Unarmed Combat
    21 | D        | Noticed a meat berserker
    21 | D        | Noticed a meat berserker
    21 | D        | Killed a large bag of meat
    21 | D        | Killed a meat berserker
    21 | D        | Reached skill level 27 in Stealth
    21 | D        | Reached XP level 21. HP: 142/183 MP: 6/52
    22 | D        | Noticed a meat berserker
    22 | D        | Killed a meat berserker
    22 | D        | Reached ****** piety under Makhleb
    23 | D        | Killed a meat berserker
    23 | D        | Reached skill level 27 in Throwing
    23 | D        | Reached skill level 27 in Unarmed Combat
    23 | D        | Reached XP level 22. HP: 190/190 MP: 6/53
    24 | D        | Noticed a destroyer
    25 | D        | Noticed a destroyer
    25 | D        | Reached XP level 23. HP: 197/197 MP: 7/54
    27 | D        | Reached XP level 24. HP: 204/204 MP: 7/54
    28 | D        | Killed a large bag of meat
    29 | D        | Reached XP level 25. HP: 210/210 MP: 8/54
    29 | D        | Noticed a destroyer
    31 | D        | Noticed a large bag of meat
    33 | D        | Reached XP level 26. HP: 211/217 MP: 9/54
    34 | D        | Noticed a destroyer
    36 | D        | Noticed a destroyer
    36 | D        | Killed a destroyer
    36 | D        | Reached XP level 27. HP: 224/224 MP: 10/54
    37 | D        | Killed a destroyer
    38 | D        | Killed a destroyer
    39 | D        | Noticed a destroyer
    39 | D        | Killed a large bag of meat
    40 | D        | Killed a destroyer
    40 | D        | Killed a destroyer
    41 | D        | Noticed a destroyer
    42 | D        | Noticed a destroyer
    42 | D        | Noticed a destroyer
    42 | D        | Noticed a large bag of meat
    43 | D        | Killed a destroyer
    43 | D        | Killed a destroyer
    45 | D        | Noticed a destroyer
    45 | D        | Killed a destroyer
    47 | D        | Killed a large bag of meat
    47 | D        | Killed a destroyer
    48 | D        | Noticed an accursed
    48 | D        | Killed an accursed
    49 | D        | Noticed a destroyer
    52 | D        | Noticed an accursed
    52 | D        | Noticed a destroyer
    52 | D        | Noticed an accursed
    53 | D        | Killed a destroyer
    55 | D        | Killed a destroyer
    57 | D        | Noticed a destroyer
    58 | D        | Killed an accursed
    58 | D        | Killed a destroyer
    61 | D        | Noticed a meat beast
    61 | D        | Killed a destroyer
    63 | D        | Noticed a dread
    63 | D        | Noticed a dread
    63 | D        | Killed a meat beast
    69 | D        | Noticed a tyrant
    69 | D        | Killed an accursed
    70 | D        | Noticed a meat beast
    70 | D        | Killed a dread
    71 | D        | Noticed a meat beast
    72 | D        | Killed a meat beast
    73 | D        | Noticed an accursed
    74 | D        | Killed a dread
    75 | D        | Noticed a dread
    75 | D        | Noticed a dread
    79 | D        | Noticed a tyrant
    79 | D        | Noticed an accursed
    81 | D        | HP: 6/224 [bag of meat/+9 war axe (19)]
    82 | D        | Noticed a meat beast
    82 | D        | Killed a tyrant
    83 | D        | Noticed a meat beast
    86 | D        | Noticed a meat beast
    86 | D        | Killed a meat beast
    86 | D        | Noticed a meat beast
    87 | D        | Killed a dread
    88 | D        | Noticed a tyrant
    88 | D        | Killed a meat beast
    88 | D        | Killed a meat beast
    88 | D        | Killed a dread
    90 | D        | Killed a meat beast
    90 | D        | Killed a meat beast
    92 | D        | Killed an accursed
    94 | D        | Killed a tyrant
    96 | D        | Noticed a tyrant
    96 | D        | Noticed a tyrant
   100 | D        | Killed a tyrant
   102 | D        | Noticed an accursed
   105 | D        | Killed an accursed
   106 | D        | Killed a tyrant
   107 | D        | Killed a tyrant
   109 | D        | Noticed an accursed
   110 | D        | Noticed a destroyer
   110 | D        | Noticed a tyrant
   110 | D        | Noticed a meat beast
   110 | D        | HP: 4/224 [meat berserker/+9 battleaxe (51)]
   110 | D        | Killed from afar by an accursed

Skill      XL: |  1  2  3  4  5  6  7  8  9 10 11 12 13 14 15 16 17 18 19 20 21 |
---------------+----------------------------------------------------------------+-----
Fighting       | 12 15 17 19 21 24 26 27 | 27.0
Axes           | 13 17 19 20 22 24 27 | 27.0
Throwing       | 5 6 14 22 27 | 27.0
Dodging        | 16 20 21 23 24 26 27 | 27.0
Spellcasting   | 13 16 18 19 21 23 25 27 | 27.0
Invocations    | 10 14 18 21 25 27 | 27.0
Stealth        | 18 27 | 27.0
Unarmed Combat | 13 21 27 | 27.0
Translocations | |  3.0

Action                   |  1- 3 |  4- 6 |  7- 9 | 10-12 | 13-15 | 16-18 | 19-21 | 22-24 | 25-27 || total
-------------------------+-------+-------+-------+-------+-------+-------+-------+-------+-------++-------
Melee: Executioner's axe |     1 |       |       |     1 |     3 |     4 |     6 |     6 |    57 ||    78
Invok: Greater Servant o |       |       |       |       |       |       |       |       |     2 ||     2
       Major Destruction |       |       |       |       |       |       |       |       |     1 ||     1
  Use: Potion            |       |       |       |       |       |       |       |       |     2 ||     2
Dodge: Dodged            |       |       |       |     1 |       |     1 |       |       |     8 ||    10
